 Dungeon Crawl Stone Soup version 0.30-a0-867-g305f332 (webtiles) character file.

Game seed: 415825678863621409

857 Nithhogg the Chopper (level 8, -3/70 HPs)
             Began as a Hill Orc Fighter on Mar 10, 2023.
             Was a Follower of the Shining One.
             Slain by a gnoll
             ... wielding a +0 halberd
              (8 damage)
             ... on level 4 of the Dungeon.
             The game lasted 00:07:53 (4041 turns).

Nithhogg the Chopper (Hill Orc Fighter)             Turns: 4041, Time: 00:07:53

Health: -3/70      AC:  7    Str: 18 (21) XL:     8   Next: 2%
Magic:  10/10      EV:  9    Int:  7 (8)  God:    the Shining One [*.....]
Gold:   122        SH:  0    Dex:  7 (10) Spells: 7/7 levels left

rFire   . . .      SeeInvis .    v - +2 hand axe (elec)
rCold   . . .      Faith    .    (no shield)
rNeg    . . .      Spirit   .    b - +0 scale mail
rPois   .          Reflect  .    (no helmet)
rElec   .          Rampage  .    (no cloak)
rCorr   .                        (no gloves)
Will    .....                    (no boots) Stlth
                                 (no amulet)
HPRegen 0.31/turn                (no ring)
MPRegen 0.12/turn                (no ring)

@: attractive, glowing
A: no striking features
a: Renounce Religion, Divine Shield


You were on level 4 of the Dungeon.
You worshipped the Shining One.
The Shining One was aware of your devotion.
You visited 2 branches of the dungeon, and saw 6 of its levels.

You collected 122 gold pieces.

Inventory:

Hand Weapons
 a - a +0 spectral war axe
 e - a +3 short sword
 v - a +2 hand axe of electrocution (weapon)
 y - a +2 hand axe of freezing
Missiles
 s - 2 throwing nets (quivered)
Armour
 b - a +0 scale mail (worn)
 c - a +0 buckler
 m - a +1 leather armour of fire resistance
Wands
 p - a wand of flame (16)
 w - a wand of charming (3)
Scrolls
 h - 2 scrolls of fog {unknown}
 i - 2 scrolls of brand weapon
 j - a scroll of immolation {unknown}
 l - a scroll of vulnerability {unknown}
 n - 4 scrolls of enchant weapon {unknown}
 q - a scroll of amnesia {unknown}
 r - 2 scrolls of enchant armour {unknown}
 t - a scroll of identify {unknown}
Potions
 d - 2 potions of might
 f - 2 potions of lignification {unknown}
 g - 2 potions of berserk rage {unknown}
 k - 2 potions of degeneration
 o - a potion of attraction
 u - a potion of flight {unknown}
 x - a potion of mutation {unknown}
 z - a potion of magic {unknown}
 A - a potion of haste {unknown}


   Skills:
 + Level 6.2 Fighting
 * Level 7.7 Axes
 + Level 5.6 Armour
 - Level 3.2 Shields
 + Level 3.8 Invocations


You had 7 spell levels left.
You didn't know any spells.
Your spell library contained the following spells:

 Spells                   Type           Power      Damage    Failure   Level
 Apportation              Tloc           0%         N/A       80%         1
 Necrotise                Necr           0%         1d4       80%         1
 Summon Small Mammal      Summ           0%         N/A       80%         1


Dungeon Overview and Level Annotations

Branches:
Dungeon (5/15)             Temple (1/1) D:4

Altars:
Ashenzari
Cheibriados
Dithmenos
Elyvilon
Fedhas
Gozag
Hepliaklqana
Kikubaaqudgha
Nemelex Xobeh
Okawaru
Qazlal
Ru
Sif Muna
Trog
Uskayaw
Vehumet
Wu Jian
Xom
Yredelemnul
The Shining One

Shops:
D:1 ?   D:3 (

Annotations:
Temple 2 transporters


Message History

The gnoll hits you from afar with a +0 halberd!
An orc comes into view.
It is wielding a +0 morningstar of holy wrath.
A gnoll comes into view. It is wielding a +0 club.
An orc comes into view. It is wielding a +0 flail.
The gnoll shouts! x2; You hear a shout!
The adder misses you.
The gnoll hits you but does no damage. x2
The adder bites you but does no damage.
You hit the gnoll.
The gnoll is moderately wounded.
You closely miss the adder. You barely miss the howler monkey.
The howler monkey hoots and howls with incredible vigour!
The gnoll hits you with a +0 halberd!
* * * LOW HITPOINT WARNING * * *
The gnoll hits you from afar with a +0 spear.
* * * LOW HITPOINT WARNING * * *
The adder barely misses you.
You hear a shout! x9
Okay, then.
As you read the scroll labelled JORUPI PILORY, it crumbles to dust.
It is a scroll of brand weapon.
Your +0 war axe acquires a faint afterimage.
a - a +0 spectral war axe The howler monkey closely misses you.
The adder bites you but does no damage. The gnoll hits you with a +0 halberd.
* * * LOW HITPOINT WARNING * * *
The gnoll hits you from afar with a +0 spear!
* * * LOW HITPOINT WARNING * * *
It was a potion of degeneration.
There was something very wrong with that liquid.
You feel weakened.
You feel dopey.
You feel clumsy.
A hound comes into view.
The howler monkey hits you but does no damage.
The adder closely misses you.
A jackal comes into view.
The gnoll barely misses you.
The hound moves out of view.
It was a potion of attraction.
You feel attractive to monsters. The howler monkey barely misses you.
The adder bites you but does no damage. The gnoll hits you with a +0 halberd!
You die...

≈≈≈≈≈≈≈....~≈≈≈ ##
≈~~≈~~~....~~~~ #..
...............
...#############++++####
#o#....g ....g.# ###ogh.
#.##'h########
#...g.@.......
#...))gS..#8..
#.##g'##..#
###o...#.....
#......################
#o#....'.............).
...#####################
.. #..............†.....
#~~~~≈~~~~≈~~≈~~~~≈~~


You could see a howler monkey, 5 gnolls, an adder, 4 orcs and a jackal.

Vanquished Creatures
  Grinder (D:3)
  An ogre (D:4)
  A scorpion (D:4)
  A howler monkey (D:4)
  A hound (D:4)
  Crazy Yiuf (D:3)
  3 iguanas (D:4)
  Ijyb (D:4)
  Terence (D:3)
  2 orc wizards (D:4)
  8 gnolls
  5 adders
  3 worms
  2 dart slugs (D:1)
  4 orcs
  9 endoplasms
  7 giant cockroaches
  5 goblins
  8 hobgoblins
  12 jackals (D:4)
  7 kobolds
  3 quokkas
  6 ball pythons
  3 bats
  2 frilled lizards
  2 rats
99 creatures vanquished.

Vanquished Creatures (others)
  4 fungi (D:3)
  2 plants (D:4)
6 creatures vanquished.

Grand Total: 105 creatures vanquished

Notes
Turn   | Place    | Note
-------+----------+-------------------------------------------
     0 | D:1      | Nithhogg the Hill Orc Fighter began the quest for the Orb.
     0 | D:1      | Reached XP level 1. HP: 19/19 MP: 1/1
   163 | D:1      | Reached skill level 3 in Axes
   183 | D:1      | Found Cihai's Magic Scroll Shop.
   203 | D:1      | Reached XP level 2. HP: 27/27 MP: 2/2
   544 | D:1      | Reached XP level 3. HP: 33/33 MP: 3/3
   878 | D:2      | HP: 1/33 [gnoll/+0 spear (4)]
  1132 | D:2      | Reached XP level 4. HP: 41/41 MP: 4/4
  1214 | D:2      | Reached skill level 4 in Axes
  1508 | D:2      | You fall into a shaft and drop 2 floors!
  1548 | D:4      | Found a staircase to the Ecumenical Temple.
  1557 | D:4      | Reached XP level 5. HP: 26/47 MP: 5/5
  1560 | D:4      | Reached skill level 5 in Axes
  1569 | Temple   | Entered the Ecumenical Temple
  1569 | Temple   | Found a transporter.
  1569 | Temple   | Found a transporter.
  1572 | Temple   | Found a transporter.
  1572 | Temple   | Found a transporter.
  1643 | Temple   | Became a worshipper of the Shining One
  1859 | D:3      | Found Koupoe's Weapon Boutique.
  2256 | D:2      | Reached skill level 5 in Fighting
  2313 | D:3      | Noticed Grinder
  2328 | D:3      | Killed Grinder
  2329 | D:3      | Reached skill level 6 in Axes
  2329 | D:3      | Reached XP level 6. HP: 32/56 MP: 5/7
  2414 | D:3      | Noticed Terence
  2420 | D:3      | Killed Terence
  2421 | D:3      | Reached skill level 5 in Armour
  2421 | D:3      | Reached XP level 7. HP: 56/61 MP: 8/8
  2482 | D:3      | Found a runed translucent door.
  2483 | D:3      | Noticed Crazy Yiuf
  2491 | D:3      | Killed Crazy Yiuf
  3041 | D:4      | Reached skill level 7 in Axes
  3047 | D:5      | Entered Level 5 of the Dungeon
  3491 | D:4      | Found a shimmering blue altar of Sif Muna.
  3588 | D:4      | Noticed Ijyb
  3591 | D:4      | Found a radiant altar of Vehumet.
  3597 | D:4      | Killed Ijyb
  3892 | D:4      | Reached * piety under the Shining One
  4032 | D:4      | Reached XP level 8. HP: 52/70 MP: 10/10
  4041 | D:4      | Slain by a gnoll

Illustrated notes

Levels and vault maps discovered:
D:1:      scummos_arrival_gate, layout_basic, serial_shops, shop,
          supply_closet_lemuel
D:2:      layout_loops_ring, reono_crystal_passage
D:3:      layout_rooms, serial_shops, nicolae_shop_bloodbath_and_beyond,
          uniq_terence, uniq_grinder, uniq_crazy_yiuf_cottage
D:4:      lemuel_castle_with_subvaults [lemuel_castle_interior_carwin_2],
          layout_basic, tgw_sif, lemuel_coloured_pillars_altar,
          minmay_temple_entry_mist, dk_vineyard_2, uniq_ijyb
D:5:      layout_basic, serial_shops, nicolae_inconvenience_store, hex_large
Temple:   hellmonk_temple_divided_pantheon

Skill      XL: |  1  2  3  4  5  6  7 |
---------------+----------------------+-----
Axes           | 3 4 6 7 |  7.7
Fighting       | 4 5 6 |  6.2
Armour         | 4 5 |  5.6
Invocations    | 2 3 |  3.8
Shields        | |  3.2

Action                     |  1- 3 |  4- 6 |  7- 9 || total
---------------------------+-------+-------+-------++-------
  Melee: War axe           |    78 |   103 |    13 ||   194
         Punch             |       |     1 |     1 ||     2
         Hand axe          |       |       |    72 ||    72
    Use: Potion            |       |       |     2 ||     2
         Scroll            |       |       |     1 ||     1
 Armour: Scale mail        |    37 |    57 |    32 ||   126
  Dodge: Dodged            |    53 |    63 |    50 ||   166

Table legend: (Time is in decaauts)
 A = Elapsed time spent in this place.
 B = Non-inter-level travel time spent in this place.
 C = Inter-level travel time spent in this place.
 D = Time resting spent in this place.
 E = Time spent auto-exploring this place.
 F = Levels seen in this place.
 G = Mean time per level.
                   A        B        C        D        E       F      G
               +--------+--------+--------+--------+--------+-----+--------+
         Total |   4096 |   3914 |    182 |    277 |   2864 |   6 |  682.7 |
       Dungeon |   3988 |   3806 |    182 |    277 |   2810 |   5 |  797.6 |
        Temple |    107 |    107 |      0 |      0 |     54 |   1 |  107.0 |
               +--------+--------+--------+--------+--------+-----+--------+

Top non-repeatable levels by time:
     D:4: 1186 daAuts
     D:1: 1025 daAuts
     D:2: 948 daAuts
     D:3: 827 daAuts
  Temple: 107 daAuts
     D:5: 1 daAuts
